[Event "Early-Titled-Tuesday-Blitz-October-03-2023"]
[Site "Chess.com"]
[Date "2023.10.03"]
[Round "8"]
[White "PawnEatingZombie"]
[Black "elcala"]
[Result "1-0"]
[WhiteElo "2162"]
[BlackElo "1721"]
[TimeControl "180+1"]
[EndTime "9:29:57 PDT"]
[Termination "PawnEatingZombie won on time"]

1. e4 d5 2. exd5 Qxd5 3. Nc3 Qa5 4. Bc4 e6 5. d3 Nf6 6. Ne2 c6 7. O-O Bd7 8. Ng3 Bd6 9. Nge4 Nxe4 10. Nxe4 Qc7 11.
Nxd6+ Qxd6 12. Qf3 a5 13. a3 b5 14. Ba2 Na6 15.
Re1 O-O 16. Bf4 Qe7 17. Qg3 Qf6 18. Be5 Qg6 19. Qf3 c5 20. Qb7 Nb8 21. Bxb8 Raxb8 22. Qxd7 Rfd8 23. Qc6 Rd4 24. Qxc5 Rg4 25. g3 h5 26. Qe5 Rc8 27. Re2 h4 28. Rae1 hxg3 29. hxg3 Rg5 30. Qe3 Rh5 31. Kg2 Rcc5 32. Rh1 Rce5 33. Qxe5 Rxe5 34.
Rxe5 Qf6 35. Reh5 Kf8 36. c3 b4 37. Rxa5 bxc3 38. bxc3 Qxc3 39. Ra8+ Ke7 40. Ra7+ Kf6 41. Rh4 Qxd3 42. Rf4+ Kg6 43. Rfxf7 Qe4+ 44. Kh2 Qd5 45. Bxd5 exd5 46. Rxg7+ 1-0

[Event "Early-Titled-Tuesday-Blitz-October-03-2023"]
[Site "Chess.com"]
[Date "2023.10.03"]
[Round "8"]
[White "DarZay"]
[Black "Vision_64"]
[Result "0-1"]
[WhiteElo "2213"]
[BlackElo "2352"]
[TimeControl "180+1"]
[EndTime "9:29:58 PDT"]
[Termination "Vision_64 won on time"]

1. e4 e6 2. d4 d5 3. Bd3 Nc6 4. c3 e5 5. Nf3 Bg4 6. O-O Nf6 7. Re1 Be7 8. exd5 Qxd5 9. dxe5 Nxe5 10. Qa4+ Nc6 11. Bc4 Qd6 12. Nd4 Bd7 13. Bf4 Qxf4 14. Nxc6 Qd6 15. Nxe7 Bxa4 16. Nf5+ Kf8 17. Nxd6 cxd6 18.
Nd2 Bc6 19. f3 g6 20. Rad1 Kg7 21. Ne4 Nxe4 22. fxe4 Rad8 23. Rd4 Rhe8 24. Rf1 f6 25. Bd3 d5 26. exd5 Rxd5 27. Rxd5 Bxd5 28. c4 Bc6 29.
Kf2 Rd8 30. Be2 Rd2 31. Rd1 Rxb2 32. a3 Bxg2 33. Kxg2 Rxe2+ 34. Kf3 Re7 35. Rd8 Kf7 36. c5 Rc7 37. Rh8 Ke6 38. Rd8 Rxc5 39. Re8+ Kf5 40. Re7 Rc3+ 41. Kf2 Rb3 42. Rxh7 a5 43. Rd7 b6 0-1

[Event "Early-Titled-Tuesday-Blitz-October-03-2023"]
[Site "Chess.com"]
[Date "2023.10.03"]
[Round "8"]
[White "Grischuk"]
[Black "Alexandr_Predke"]
[Result "1-0"]
[WhiteElo "3012"]
[BlackElo "2871"]
[TimeControl "180+1"]
[EndTime "9:29:59 PDT"]
[Termination "Grischuk won by resignation"]

1. d4 Nf6 2. c4 e6 3. Bg5 d5 4. e3 Nbd7 5. Nc3 Be7 6. Qc2 c6 7. Nf3 O-O 8. a3 a5 9. Rd1 h6 10. Bf4 b6 11. g4 b5 12. cxb5 cxb5 13. Bxb5 Ba6 14. Bxa6 Rxa6 15. h3 Qc8 16. Qd3 Rc6 17.
O-O Bxa3 18. Nb5 Bxb2 19. Na7 Qa6 20. Nxc6 Qxc6 21. Rd2 Bc3 22. Rc2 Ne4 23. Rfc1 Rc8 24. Nd2 Nxd2 25. Qxd2 Bxd2 26. Rxc6 Rxc6 27. Rxc6 Bb4 28.
Ra6 Nf6 29. Bc7 Ne4 30. Bxa5 Bxa5 31. Rxa5 g5 32. Kg2 Kg7 33. Ra6 Nd2 34. f3 Kg6 35.
Kf2 h5 36. Ke2 Nc4 37. e4 hxg4 38. hxg4 dxe4 39. fxe4 Kf6 40. Rc6 Na5 41. Rc7 Nb3 42. Kd3 e5 43. Rc6+ Ke7 44. dxe5 Na5 45. Rc5 Nb3 46.
Rb5 Nc1+ 47. Kd2 Na2 48. Rb2 1-0

[Event "Early-Titled-Tuesday-Blitz-October-03-2023"]
[Site "Chess.com"]
[Date "2023.10.03"]
[Round "8"]
[White "arenal72"]
[Black "Ducke13"]
[Result "1-0"]
[WhiteElo "2382"]
[BlackElo "2486"]
[TimeControl "180+1"]
[EndTime "9:29:59 PDT"]
[Termination "arenal72 won on time"]

1. e4 c5 2. Nc3 d6 3. d4 cxd4 4.
Qxd4 Nc6 5. Qd2 g6 6. b3 Bh6 7. f4 Nf6 8. Bb2 e5 9. g3 O-O 10. O-O-O Re8 11. Bg2 Bg4 12. Nge2 Nd4 13. Nxd4 Bxd1 14.
Qxd1 exd4 15. Qxd4 Bg7 16. Nd5 Nh5 17. Qb4 Bxb2+ 18. Kxb2 Nf6 19. Qxb7 Nxd5 20. Qxd5 Rc8 21. Rd1 Qf6+ 22. Qd4 Qxd4+ 23. Rxd4 Red8 24. c4 Kf8 25. b4 Ke7 26. Kb3 Rc7 27. a3 f6 28. h4 h6 29.
Rd5 Rdc8 30. Bh3 Rb8 31. a4 Rb6 32. a5 Rbc6 33. Bf1 a6 34. Bd3 Rc8 35. e5 dxe5 36.
fxe5 fxe5 37. Rxe5+ Kf6 38. Re3 Rd8 39. b5 Rcd6 40. Bc2 axb5 41. cxb5 Rd5 42. Kb4 Rd4+ 43. Kc5 R8d5+ 44. Kc6 Rd6+ 45. Kb7 Rd7+ 46. Ka6 Rc4 47.
Bb3 Rd6+ 48. b6 Rc5 49. Rf3+ Ke5 50. Bf7 1-0

[Event "Early-Titled-Tuesday-Blitz-October-03-2023"]
[Site "Chess.com"]
[Date "2023.10.03"]
[Round "8"]
[White "scarabee43"]
[Black "shimastream"]
[Result "0-1"]
[WhiteElo "2795"]
[BlackElo "2967"]
[TimeControl "180+1"]
[EndTime "9:30:01 PDT"]
[Termination "shimastream won by resignation"]

1. d4 d5 2. c4 dxc4 3. Nf3 a6 4. e3 b5 5. a4 Bb7 6. b3 e6 7. bxc4 b4 8. Nbd2 c5 9. Bb2 Nf6 10. Be2 Nbd7 11. O-O Be7 12. Nb3 O-O 13. a5 Qc7 14. Rc1 Rfd8 15. h3 Rac8 16. Nfd2 e5 17. d5 Bd6 18. Bd3 Re8 19. Qc2 Nf8 20. Ne4 Nxe4 21. Bxe4 Ng6 22. Rce1 Rcd8 23. g3 Bc8 24. Kg2 Rf8 25. f4 f5 26. fxe5 Nxe5 27. Bxe5 Bxe5 28. Bxf5 Bxg3 29. Bxc8 Rxc8 30. Rxf8+ Rxf8 31. Rf1 Re8 32. Qf5 Bd6 33. e4 Qe7 34. Qe6+ Qxe6 35. dxe6 Rxe6 36.
Rf5 Rxe4 37. Rd5 Be7 38. Nxc5 Rxc4 39. Nxa6 Rc2+ 40. Kf3 b3 41. Rb5 b2 42. Nb8 Bf6 43. a6 Rc3+ 44. Ke2 Rxh3 45. a7 Ra3 46. Nc6 Kf7 47. Na5 b1=Q 48. Rxb1 Rxa5 49. Rb7+ Kg6 50. Kd3 h5 51. Kc4 h4 52. Kb4 Ra1 53. Kc5 h3 54. Kb6 h2 0-1

[Event "Early-Titled-Tuesday-Blitz-October-03-2023"]
[Site "Chess.com"]
[Date "2023.10.03"]
[Round "8"]
[White "slorovel"]
[Black "Frolyanov_D"]
[Result "1-0"]
[WhiteElo "2509"]
[BlackElo "2668"]
[TimeControl "180+1"]
[EndTime "9:30:01 PDT"]
[Termination "slorovel won on time"]

1. e4 e5 2. Nf3 Nf6 3. Nxe5 d6 4.
Nf3 Nxe4 5. Nc3 Nxc3 6. dxc3 Be7 7. Be3 O-O 8. Qd2 Nd7 9. O-O-O Nf6 10. Bd3 c5 11. h3 Qa5 12. Kb1 Be6 13. c4 Qxd2 14. Nxd2 Bd7 15. Ne4 Bc6 16. Nxf6+ Bxf6 17. f3 Rfe8 18.
Bf4 Be5 19. Bxe5 dxe5 20. c3 Rad8 21. Kc2 g6 22. h4 h6 23. h5 g5 24. Be4 Kg7 25. g4 Kf8 26. Rh2 Ke7 27. Rhd2 Rxd2+ 28. Rxd2 Rc8 29. Re2 f6 30. Bd5 Rc7 31. Kd3 b6 32. Ke4 Bd7 33. Rd2 Rc8 34. b4 Rf8 35. Rb2 Kd6 36.
a4 f5+ 37. gxf5 Bxf5+ 38. Ke3 Bd7 39. a5 Rb8 40. axb6 Rxb6 41. bxc5+ Kxc5 42. Ra2 Kd6 43. Rxa7 Be8 44. Rh7 Kc5 45. Rc7+ Kd6 46. Rh7 Kc5 47. Re7 Bxh5 48. Rxe5 Kd6 49. Kd4 Rb1 50. Re6+ Kd7 51. Rxh6 Rd1+ 52. Kc5 Be8 53. Bc6+ Ke7 54. Rh7+ 1-0

[Event "Early-Titled-Tuesday-Blitz-October-03-2023"]
[Site "Chess.com"]
[Date "2023.10.03"]
[Round "8"]
[White "Roman_Ovetchkin"]
[Black "remi04"]
[Result "0-1"]
[WhiteElo "2703"]
[BlackElo "2867"]
[TimeControl "180+1"]
[EndTime "9:30:02 PDT"]
[Termination "remi04 won on time"]

1. d4 Nf6 2. c4 e6 3. g3 d5 4. Bg2 Be7 5. Nf3 O-O 6. O-O dxc4 7.
Qc2 a6 8. a4 Nbd7 9. Rd1 Rb8 10. a5 b5 11. axb6 cxb6 12. Bf4 Ra8 13. Ne5 Nd5 14.
Nc6 Qe8 15. Qxc4 Bb7 16. Bxd5 exd5 17. Nxe7+ Qxe7 18. Qc7 Rfb8 19. Nc3 Qd8 20. Qd6 Nf8 21. Qxd8 Rxd8 22. Bc7 Rdc8 23. Bxb6 Ne6 24. f3 Rab8 25. Ba5 Ba8 26. Rd2 Rc4 27. e3 f5 28. h4 Rb3 29.
Kf2 Kf7 30. Ne2 Bc6 31. Bc3 Ra4 32. Rdd1 Rb7 33. Rxa4 Bxa4 34. Ra1 Bb5 35. Nc1 Bc4 36. Ra3 Nc7 37. Ra5 Nb5 38. Bb4 Nc7 39. Ba3 Nb5 40.
Bc5 Nc7 41. b4 Nb5 42. Ne2 Nc7 43. Nf4 Ne6 44. g4 Nxf4 45. exf4 g6 0-1

[Event "Early-Titled-Tuesday-Blitz-October-03-2023"]
[Site "Chess.com"]
[Date "2023.10.03"]
[Round "8"]
[White "Man-Chuk"]
[Black "Mikhail_Golubev"]
[Result "1-0"]
[WhiteElo "2792"]
[BlackElo "2612"]
[TimeControl "180+1"]
[EndTime "9:30:03 PDT"]
[Termination "Man-Chuk won on time"]

1. e4 c5 2. Nf3 d6 3. Bb5+ Bd7 4. a4 Nc6 5. O-O Nf6 6. Nc3 e6 7. d4 cxd4 8. Nxd4 Be7 9. Be3 O-O 10. f3 Na5 11. Qe2 a6 12. Bd3 Rc8 13. f4 Qc7 14. Rae1 Nc4 15. Bc1 Qb6 16. e5 Qxd4+ 17. Kh1 dxe5 18.
fxe5 Nd5 19. Bxh7+ Kxh7 20. Qh5+ Kg8 21. Re4 Qc5 22. Bh6 f5 23. Qg6 Rf7 24. Rg4 Nxe5 25. Qxf7+ Kxf7 26. Rxg7+ Ke8 27. Rg8+ Bf8 28. Ne4 Kf7 29.
Rh8 Bxh6 30. Rxh6 Kg7 31. Nxc5 Kxh6 32. Nxb7 Rxc2 33. h3 Rxb2 34. Nc5 Bc8 35. Re1 Ng6 36. Nxe6 Bxe6 37. Rxe6 Nf4 38. Rxa6 Rxg2 39. h4 Rg4 40. a5 Kh5 41. Ra8 Kxh4 42. a6 Kg3 43. a7 Rh4+ 44.
Kg1 Kf3 45. Re8 Rg4+ 46. Kf1 Rh4 47. a8=Q+ Nd5 48. Qxd5+ 1-0

[Event "Early-Titled-Tuesday-Blitz-October-03-2023"]
[Site "Chess.com"]
[Date "2023.10.03"]
[Round "8"]
[White "stepanosinovsky"]
[Black "Malysch"]
[Result "0-1"]
[WhiteElo "2382"]
[BlackElo "2526"]
[TimeControl "180+1"]
[EndTime "9:30:03 PDT"]
[Termination "Malysch won on time"]

1. Nf3 Nf6 2. g3 d5 3. Bg2 Bg4 4. O-O c6 5. Re1 Nbd7 6. d3 e5 7. e4 Bd6 8. Nbd2 O-O 9. Nf1 Re8 10. Ne3 Bh5 11. Nf5 Bf8 12. c3 Qc7 13. a4 Rad8 14.
Qc2 dxe4 15. dxe4 Nc5 16. Bg5 Re6 17. b4 Ncd7 18. Nd2 h6 19. Be3 Ng4 20. a5 Nxe3 21.
Nxe3 Nf6 22. h4 Red6 23. Ndc4 Rd3 24. Bf1 R3d7 25. Bh3 Rd3 26. Bf1 R3d7 27. Bh3 Re7 28. Kg2 Ree8 29. f3 Bg6 30. Kf2 c5 31. b5 a6 32.
Reb1 axb5 33. Rxb5 Ra8 34. Rab1 Ra7 35. Rb6 Rea8 36. Bg2 Rxa5 37. Nxa5 Rxa5 38. Rxb7 Qc6 39. R7b6 Qc7 40. R1b2 Qa7 41. Qb3 Ra1 42. Rb8 Qa6 43. Qb7 Qd3 44. Qc8 Nd7 45. Re2 Nxb8 46. Qxb8 Qxc3 47.
Bh3 c4 48. Bf5 Qd4 0-1

[Event "Early-Titled-Tuesday-Blitz-October-03-2023"]
[Site "Chess.com"]
[Date "2023.10.03"]
[Round "8"]
[White "GeorgiosSouleidis"]
[Black "tylityli"]
[Result "0-1"]
[WhiteElo "2563"]
[BlackElo "2355"]
[TimeControl "180+1"]
[EndTime "9:30:06 PDT"]
[Termination "tylityli won by resignation"]

1. e4 e5 2. Nc3 Nf6 3. d4 exd4 4. Qxd4 Nc6 5. Qd3 Bb4 6. Bd2 d5 7. exd5 Bxc3 8. Bxc3 Qxd5 9. Qxd5 Nxd5 10. Bxg7 Rg8 11. Bh6 Bg4 12. f3 Ndb4 13. O-O-O Bf5 14. g4 Bxc2 15. Re1+ Kd7 16. a3 Nd3+ 17. Bxd3 Bxd3 18. Rd1 Ne5 19. Bf4 Rad8 20. Bxe5 Ke6 21. Bc3 f5 22. h3 h5 23. Re1+ Kf7 24. gxh5 Rg2 25. Bd2 f4 26. Rd1 Rd6 27. b4 Rc6+ 28. Kb2 Rc2+ 29. Kb3 Rcxd2 30.
Rxd2 Rxd2 31. Kc3 Rd1 32. Rh2 Rxg1 33. Kxd3 Kf6 34. Ke4 Kg5 35. h4+ Kxh5 36. Kxf4 Ra1 37. Re2 Rxa3 38. Re7 Rb3 39. Rh7+ Kg6 40. Rxc7 Rxb4+ 41. Kg3 a5 42. f4 a4 43. Kg4 a3 44. h5+ Kf6 45. Rc3 Ra4 46. h6 Kg6 47. Rh3 Kh7 48. Kg5 a2 49. Re3 a1=Q 50. Re7+ Kh8 51. Re8+ Kh7 52. Re7+ Kg8 53. h7+ Kf8 54. Rxb7 Qg1+ 55.
Kf5 Ra5+ 56. Ke4 Qg2+ 0-1

[Event "Early-Titled-Tuesday-Blitz-October-03-2023"]
[Site "Chess.com"]
[Date "2023.10.03"]
[Round "8"]
[White "Kildepiotr"]
[Black "Bilan_Danila"]
[Result "0-1"]
[WhiteElo "2624"]
[BlackElo "2525"]
[TimeControl "180+1"]
[EndTime "9:30:07 PDT"]
[Termination "Bilan_Danila won by resignation"]

1. Nf3 d5 2. g3 Nf6 3. Bg2 c5 4. O-O Nc6 5. d3 Bg4 6. Nbd2 e6 7. e4 Be7 8. h3 Bh5 9. c3 O-O 10. Qc2 Rc8 11. Re1 b5 12. Nh2 Bg6 13. f4 c4 14.
d4 dxe4 15. Nxe4 b4 16. Ng4 Nd5 17. Ne5 a5 18. Bd2 a4 19. Qxa4 Nxe5 20. fxe5 bxc3 21. bxc3 Qc7 22. Qd1 Ra8 23. h4 Ra3 24. Qf3 Bb4 25.
Rac1 Rxa2 26. Bg5 Be7 27. Bxe7 Qxe7 28. Nd6 Bd3 29. Qg4 g6 30. Bxd5 exd5 31. Ra1 h5 32.
Qf4 Rfa8 33. Rxa2 Rxa2 34. e6 fxe6 35. Nb5 Qf7 36. Nc7 Qxf4 37. gxf4 Rc2 38. Nxe6 Rxc3 39. Ng5 Bf5 40. Re8+ Kg7 41. Re7+ Kf8 42. Rf7+ Ke8 43. Rc7 Rc1+ 44. Kf2 c3 45. Nf7 c2 46. Nd6+ Kd8 47. Rc3 Rh1 0-1

[Event "Early-Titled-Tuesday-Blitz-October-03-2023"]
[Site "Chess.com"]
[Date "2023.10.03"]
[Round "8"]
[White "Tssunami"]
[Black "zajka-molotok"]
[Result "0-1"]
[WhiteElo "2401"]
[BlackElo "2565"]
[TimeControl "180+1"]
[EndTime "9:30:07 PDT"]
[Termination "zajka-molotok won on time"]

1. d4 d6 2. Nf3 Bg4 3. c4 Bxf3 4. gxf3 e5 5. Qb3 Qc8 6. d5 Nd7 7. h4 Be7 8. Bh3 Ngf6 9. h5 h6 10. Bf5 Rb8 11. Qa4 a6 12. Nc3 Kf8 13. Be3 Nc5 14. Qc2 Qe8 15. b4 Ncd7 16. a3 b5 17.
cxb5 axb5 18. Rd1 Nb6 19. Bxb6 Rxb6 20. e4 Nd7 21. Ne2 Qd8 22. Rc1 Bg5 23. Qxc7 Ke7 24.
Qxd8+ Rxd8 25. Rc3 Rb7 26. Bxd7 Rdxd7 27. Ng3 Rdc7 28.
Nf5+ Kd7 29. Rc6 Rxc6 30. dxc6+ Kxc6 31. Nxg7 Ra7 32. O-O Rxa3 33. Kg2 Rb3 34. Nf5 Rxb4 35. Ra1 Rb2 36. Ra6+ Kc5 37. Rxd6 b4 38. Rd5+ Kc4 39. Rxe5 b3 40. Re8 Ra2 41. Rc8+ Kd3 42. Rb8 b2 43. e5 Bc1 44. f4 Ra1 45. Nxh6 b1=Q 46. Rxb1 Rxb1 47. Kf3 Rb4 0-1

[Event "Early-Titled-Tuesday-Blitz-October-03-2023"]
[Site "Chess.com"]
[Date "2023.10.03"]
[Round "8"]
[White "valemava"]
[Black "gtnamfrq"]
[Result "0-1"]
[WhiteElo "2279"]
[BlackElo "2421"]
[TimeControl "180+1"]
[EndTime "9:30:07 PDT"]
[Termination "gtnamfrq won by checkmate"]

1. e4 c5 2. a3 Nc6 3. b4 cxb4 4. axb4 Nxb4 5. c3 Nc6 6. d4 d5 7. exd5 Qxd5 8. Na3 Bf5 9. Nb5 Rc8 10. Nf3 Nf6 11. Be2 a6 12. c4 Qd7 13. Nc3 e6 14. O-O Be7 15. Na4 Qc7 16. g3 O-O 17. Bf4 Bd6 18.
Bxd6 Qxd6 19. Nb6 Rcd8 20. c5 Qe7 21. Qa4 Bg4 22. Rfd1 Nd5 23. Ra3 Nxb6 24. cxb6 Qf6 25. Kg2 Qf5 26. Ng1 Qd5+ 27. f3 Bf5 28. Bc4 Qd6 29. Ne2 Qb4 30. Qb3 Qxb3 31. Rxb3 Bc2 32. Rbb1 Bxd1 33. Rxd1 Rd6 34. f4 Rfd8 35. d5 exd5 36. Bd3 Nb4 37. Bf5 g6 38. Bb1 Rxb6 39. Nd4 a5 40. Re1 a4 41. Re3 Nc6 42. Nxc6 bxc6 43.
Ba2 Rb2+ 44. Kf3 Rxa2 45. Re7 a3 46. f5 Ra1 47. Ra7 Rf1+ 48. Kg4 Rxf5 49. h4 h5+ 50.
Kh3 d4 51. Rxa3 d3 52. Ra1 d2 53. Rd1 c5 54. g4 hxg4+ 55. Kxg4 c4 56. h5 c3 57.
hxg6 fxg6 58. Ra1 c2 59. Ra6 d1=Q+ 60. Kg3 Rd3+ 61. Kg2 Qf3+ 62. Kh2 Rh5+ 63. Kg1 c1=Q# 0-1

[Event "Early-Titled-Tuesday-Blitz-October-03-2023"]
[Site "Chess.com"]
[Date "2023.10.03"]
[Round "8"]
[White "Indianlad"]
[Black "PeshkaCh"]
[Result "1-0"]
[WhiteElo "3026"]
[BlackElo "2797"]
[TimeControl "180+1"]
[EndTime "9:30:08 PDT"]
[Termination "Indianlad won on time"]

1. c4 e5 2. Nc3 Nf6 3. Nf3 Nc6 4. a3 d5 5. cxd5 Nxd5 6. e4 Nxc3 7. bxc3 Bd6 8. Bc4 O-O 9. O-O Bg4 10. h3 Bh5 11. g4 Bg6 12. d3 Kh8 13. Kg2 f6 14. Nh4 Bf7 15. Bxf7 Rxf7 16. Be3 Qd7 17. Nf5 Ne7 18. Kh1 Rd8 19. Qf3 Ng6 20. Rfd1 Bf8 21. h4 Ne7 22. h5 h6 23. Nh4 Qb5 24. d4 exd4 25. cxd4 Nc6 26. Qf5 Qxf5 27. Nxf5 Rfd7 28. Kg2 b6 29. a4 Na5 30. Rac1 c6 31. f4 Ba3 32.
Rc2 Re8 33. Kf3 Kg8 34. Rg1 Bf8 35. g5 hxg5 36. fxg5 fxg5 37. Rxg5 Kh7 38. Bf4 Rf7 39. Rcg2 Nc4 40. Rg6 Rf6 41. Rxf6 gxf6 42. Rg6 b5 43. axb5 cxb5 44. Rxf6 b4 45. Rf7+ Kg8 46. Rxa7 b3 47. Rb7 b2 48. h6 Ba3 49. Bg5 Rf8 50. Kg4 Rf7 51. h7+ Rxh7 52. Nh6+ Rxh6 53. Bxh6 Nd6 54.
Rb8+ Kh7 55. Bf8 Nxe4 56. Bxa3 Nf2+ 57. Kf3 Nd3 58. Bxb2 Kg6 59. Bc3 Kf5 60. Ke3 Nc1 61. Rf8+ Ke6 62. Rf1 Na2 63. Kd3 Kd5 64. Ra1 Nxc3 65.
Kxc3 Kd6 66. Ra5 1-0

[Event "Early-Titled-Tuesday-Blitz-October-03-2023"]
[Site "Chess.com"]
[Date "2023.10.03"]
[Round "8"]
[White "KorolDimitriy75"]
[Black "Zq1"]
[Result "0-1"]
[WhiteElo "2381"]
[BlackElo "2508"]
[TimeControl "180+1"]
[EndTime "9:30:11 PDT"]
[Termination "Zq1 won on time"]

1. d4 d5 2. c4 e6 3. Nc3 a6 4.
cxd5 exd5 5. Bf4 Nf6 6. e3 Be6 7. Bd3 Nbd7 8. Qc2 c5 9. Nge2 g6 10. dxc5 Nxc5 11. Nd4 Nxd3+ 12. Qxd3 Bg7 13. O-O O-O 14.
h3 Rc8 15. Rac1 Qb6 16. Qe2 Ne4 17. Nxe4 dxe4 18. Nxe6 Qxe6 19. b3 h5 20. Rfd1 Rxc1 21. Rxc1 Rc8 22. Rxc8+ Qxc8 23. Qd2 Bf6 24. Qd6 Qd8 25.
Qc5 Qd7 26. Be5 Be7 27. Qc4 Qf5 28. Bd4 Bd6 29. Bb2 Kf8 30. Qd4 Ke7 31. Qb6 Qd5 32.
Bd4 Ke6 33. h4 f6 34. g3 Ke7 35. Kg2 g5 36. hxg5 fxg5 37. Qa7 h4 38. Qa8 Kd7 39. Qh8 hxg3 40. fxg3 Qf5 41. Qh3 g4 42. Qh8 Qf3+ 43. Kg1 Qxg3+ 44. Kf1 Qf3+ 45. Ke1 g3 46. Qh7+ Kc6 47.
Qg8 Qf2+ 48. Kd1 Qf1+ 49. Kc2 Qf2+ 0-1

[Event "Early-Titled-Tuesday-Blitz-October-03-2023"]
[Site "Chess.com"]
[Date "2023.10.03"]
[Round "8"]
[White "stratacticos"]
[Black "LUISMIGUELOV"]
[Result "0-1"]
[WhiteElo "1759"]
[BlackElo "2153"]
[TimeControl "180+1"]
[EndTime "9:30:11 PDT"]
[Termination "LUISMIGUELOV won on time"]

1. b4 e5 2. Bb2 d6 3. g3 g6 4. f4 Bg7 5. fxe5 dxe5 6. Nf3 Nd7 7. Bg2 c6 8. a3 Ne7 9. e4 O-O 10. O-O Re8 11. Ng5 Rf8 12. c4 h6 13. Nf3 Nf6 14. Nxe5 Be6 15. d4 Nd7 16. Nxd7 Qxd7 17. d5 Bxb2 18. Ra2 Bg7 19. dxe6 Qxe6 20. Nd2 Rad8 21. Qe2 Bd4+ 22. Kh1 b6 23. Nf3 c5 24. Nxd4 Rxd4 25. bxc5 bxc5 26. Rc2 Nc6 27. Qe3 Ne5 28. Qxh6 Rxc4 29.
Bh3 Ng4 30. Bxg4 Qxe4+ 31. Rg2 Qxg4 32. Qd2 Qe4 33. Qe2 Qxe2 34. Rxe2 Rc3 35. a4 a5 36. Re7 Ra3 37. Rc7 Rxa4 38. Rxc5 Ra2 39. Rfc1 Re8 40. Rc8 Rxc8 41. Rxc8+ Kg7 42. Ra8 a4 43. Ra6 a3 44. Kg1 f5 45. h4 Kh6 46.
Kf1 Kh5 47. Kg1 Ra1+ 48. Kg2 Ra2+ 49. Kg1 Ra1+ 50. Kg2 a2 0-1

[Event "Early-Titled-Tuesday-Blitz-October-03-2023"]
[Site "Chess.com"]
[Date "2023.10.03"]
[Round "8"]
[White "pankajfm"]
[Black "campochess"]
[Result "1/2-1/2"]
[WhiteElo "2105"]
[BlackElo "2158"]
[TimeControl "180+1"]
[EndTime "9:30:12 PDT"]
[Termination "Game drawn - insufficient material"]

1. e4 c5 2. c3 e6 3. d4 cxd4 4.
cxd4 d6 5. Nc3 Ne7 6. Bg5 a6 7. Nf3 Nd7 8. Bc4 b5 9. Bb3 Bb7 10. O-O b4 11. Ne2 Bxe4 12. Nf4 h6 13. Bxe6 fxe6 14. Nxe6 Qb6 15. Rc1 Rc8 16. Bxe7 Rxc1 17. Qxc1 Kxe7 18. Nf4 Kf7 19. Re1 Nf6 20. Rxe4 Nxe4 21.
Qc4+ Ke8 22. Qe6+ Be7 23. Qxe4 Kd8 24. Qxe7+ Kxe7 25. Nd5+ Ke6 26. Nxb6 Rb8 27. d5+ Kf5 28. Nc4 Rc8 29. b3 a5 30. Kf1 Rd8 31. Ke2 Ke4 32. Nxa5 Kxd5 33. Nd2 Ra8 34. Ndc4 Kc5 35. Nb7+ Kd4 36.
Nbxd6 Rxa2+ 37. Kf3 Kc3 38. Ne4+ Kxb3 39. Ne3 Ra3 40.
Nc5+ Ka2 41. Ke4 b3 42. Nc4 b2 43. Nxb2 Kxb2 44. f4 Ra2 45. g4 Kc3 46. h4 Kc4 47. Ne6 g6 48. g5 Rh2 49. gxh6 Rxh4 50. Nf8 Rxh6 51. Ke5 Kc5 52. Kf6 Rh4 53. Nxg6 Rxf4+ 54. Nxf4 1/2-1/2

[Event "Early-Titled-Tuesday-Blitz-October-03-2023"]
[Site "Chess.com"]
[Date "2023.10.03"]
[Round "8"]
[White "CristianS27"]
[Black "emeli_chess"]
[Result "1-0"]
[WhiteElo "2507"]
[BlackElo "2357"]
[TimeControl "180+1"]
[EndTime "9:30:13 PDT"]
[Termination "CristianS27 won on time"]

1. e4 e5 2. Nf3 Nc6 3. Bc4 Nf6 4.
d4 exd4 5. Ng5 d5 6. exd5 Ne5 7. Qxd4 Nxc4 8. Qxc4 Bd6 9. O-O O-O 10. Nc3 h6 11. Nge4 Nxe4 12. Nxe4 Bf5 13. Nxd6 cxd6 14. c3 a6 15. Bf4 Qd7 16. Rfe1 b5 17. Qd4 Rab8 18. Re3 Rfe8 19. Rae1 Rxe3 20. Qxe3 b4 21. c4 Rd8 22. Qe7 Qxe7 23. Rxe7 Bb1 24. Rb7 Bxa2 25. Rxb4 a5 26. Ra4 Bb3 27. Rxa5 Bxc4 28. h4 Rb8 29. Bxd6 Rxb2 30. Bf4 Rb1+ 31. Kh2 Rd1 32. d6 Be6 33. Kg3 Kh7 34. f3 Rd4 35. Be5 Rd2 36. Ra7 g5 37. hxg5 hxg5 38. Ra8 Kg6 39.
Rd8 Kf5 40. Bc3 Rd3 41. Bb4 g4 42. Rh8 gxf3 43. gxf3 Kg6 44. Kf2 Kf6 45. Ke2 Rd5 46. Kf2 Kg6 47. Rg8+ Kf6 48. Ke3 Re5+ 49. Kf4 Rf5+ 50. Ke4 Re5+ 51. Kd4 Rd5+ 52. Ke3 Re5+ 53.
Kf2 Rd5 54. Bc3+ Kf5 55. Rd8 Rd3 56. Bb4 Ke5 57. Ke2 Rd5 58. Rh8 Kf4 59. Rh4+ 1-0

[Event "Early-Titled-Tuesday-Blitz-October-03-2023"]
[Site "Chess.com"]
[Date "2023.10.03"]
[Round "8"]
[White "BashirovKemal"]
[Black "FoxOnTheRun97"]
[Result "0-1"]
[WhiteElo "2651"]
[BlackElo "2536"]
[TimeControl "180+1"]
[EndTime "9:30:14 PDT"]
[Termination "FoxOnTheRun97 won on time"]

1. d4 Nf6 2. c4 e6 3. Nf3 d5 4. Nc3 Bb4 5. Qa4+ Nc6 6. e3 O-O 7. Bd2 Be7 8. Bd3 dxc4 9. Bxc4 a6 10. Qc2 b5 11. Bd3 Nb4 12. Qb1 Nxd3+ 13. Qxd3 c5 14. O-O Bb7 15. Ne5 cxd4 16. exd4 Nd7 17. Qe2 Bf6 18. Bf4 Nb6 19. Rad1 Nd5 20. Bd2 Nxc3 21. bxc3 Qd5 22. f4 Rfd8 23. Rf3 Qxa2 24. Rh3 g6 25.
Qg4 Be4 26. Qe2 Bb7 27. Nxf7 Kxf7 28. Rxh7+ Bg7 29. Qe5 Rg8 30. Qc7+ Kf6 31. Qxb7 Qd5 32. Qc7 Rac8 33. Qe5+ Kf7 34. Qe2 Rh8 35. Rxh8 Rxh8 36.
Ra1 Qc6 37. h3 Ra8 38. Qf2 a5 39. Qe3 a4 40. Qd3 Qd5 41. Kf2 Bf6 42. g3 Be7 43. Re1 a3 44. h4 a2 45. Ra1 Qb3 46. Bc1 Rc8 47. h5 Rxc3 48. Qxg6+ Kf8 49. h6 Rf3+ 50. Kg1 Rxg3+ 51. Qxg3 Qxg3+ 0-1

[Event "Early-Titled-Tuesday-Blitz-October-03-2023"]
[Site "Chess.com"]
[Date "2023.10.03"]
[Round "8"]
[White "ChessQueen"]
[Black "elmusmolamas"]
[Result "1-0"]
[WhiteElo "2723"]
[BlackElo "2529"]
[TimeControl "180+1"]
[EndTime "9:30:15 PDT"]
[Termination "ChessQueen won by resignation"]

1. d4 d5 2. Nf3 Nf6 3. c4 c6 4. cxd5 cxd5 5. Nc3 e6 6. Bf4 Bd6 7. g3 O-O 8. e3 b6 9. Bd3 Ba6 10. Nb5 Bxf4 11. gxf4 Ne4 12. Qe2 Nc6 13. a3 Na5 14.
O-O f6 15. Kh1 Rf7 16. Rg1 Rc8 17. Rg2 Kh8 18. Rag1 Nb3 19. Bxe4 dxe4 20. Nh4 f5 21. Qh5 Kg8 22. Qxf7+ Kxf7 23. Rxg7+ Kf6 24. Rxh7 Qg8 25. Rh6+ Ke7 26. Rxg8 Rxg8 27. Nc3 Nc1 28. Rg6 Rh8 29. Ng2 Kf7 30. Rg5 Ne2 31. Nxe2 Bxe2 32. d5 Bf3 33.
dxe6+ Kxe6 34. Kg1 Rc8 35. h4 Rh8 36. Rg7 Bxg2 37. Kxg2 Rxh4 38. Rxa7 Kd5 39. Re7 Kc4 40. Re5 Rh5 41. a4 Kb3 42. Rb5+ Kxa4 43. Rxb6 Rh7 44.
Kf1 Ka5 45. Rb8 Rc7 46. Re8 Kb4 47. Re5 Rf7 48. Ke2 Kb3 49. Rb5+ Kc2 50. Rb8 Rd7 51. b4 Rd2+ 52. Kf1 Rd1+ 53. Kg2 Kd3 54. Rd8+ Ke2 55. Rxd1 Kxd1 56. b5 1-0

[Event "Early-Titled-Tuesday-Blitz-October-03-2023"]
[Site "Chess.com"]
[Date "2023.10.03"]
[Round "8"]
[White "BeautiFullMindChess"]
[Black "brm72"]
[Result "0-1"]
[WhiteElo "2377"]
[BlackElo "2507"]
[TimeControl "180+1"]
[EndTime "9:30:17 PDT"]
[Termination "brm72 won on time"]

1. e4 c5 2. Nf3 d6 3. Bc4 Nc6 4.
d3 e6 5. c3 d5 6. exd5 exd5 7.
Bb5 Be7 8. O-O Nf6 9. Ne5 Bd7 10. Bxc6 Bxc6 11. Nxc6 bxc6 12. c4 O-O 13. Nc3 h6 14. b3 Qd7 15. Re1 Rfe8 16. Qf3 Rad8 17. Ba3 Bf8 18. Na4 dxc4 19. dxc4 Qd2 20. Red1 Qa5 21.
h3 Rxd1+ 22. Rxd1 Re1+ 23. Kh2 Qc7+ 24. g3 Rxd1 25. Qxd1 Ne4 26. Kg2 Qe5 27. Bb2 Qg5 28. Qd3 f5 29. h4 Qg6 30. Nc3 Bd6 31. Ne2 f4 32. a3 fxg3 33. fxg3 Qf5 34. Qf3 Qxf3+ 35.
Kxf3 Nd2+ 36. Kg4 Nxb3 37. Nc3 Nd2 38. Bc1 Nxc4 39. Ne4 Be5 40. Kf5 Bd4 41. g4 Kf7 42. g5 g6+ 43. Kf4 Be5+ 44. Kg4 h5+ 45. Kf3 Bd4 46. a4 Ke6 47. Nd2 Ne5+ 48. Ke4 Ng4 49.
Nf3 Bf2 50. Ba3 Kd6 0-1